 Dungeon Crawl Stone Soup version 0.27-a0-909-g0721f309d1 (webtiles) character file.

Game seed: 3863409754779139897

108 snetch the Covert (level 4, -9/39 (41) HPs)
             Began as a Gnoll Delver on Apr 9, 2021.
             Mangled by Crazy Yiuf
             ... wielding a +4 quarterstaff of chaos
              (12 damage)
             ... on level 2 of the Dungeon.
             The game lasted 00:04:32 (1850 turns).

snetch the Covert (Gnoll Delver)                    Turns: 1850, Time: 00:04:37

HP:   -9/39 (41)    AC:  9    Str: 14    XL:     4   Next: 87%
MP:   1/1           EV: 13    Int:  7    God:
Gold: 6             SH:  0    Dex: 13    Spells: 5/5 levels left

rFire    . . .     SeeInvis +   a - +1 hand axe (antimagic)
rCold    + . .     Faith    .   (no shield)
rNeg     . . .     Spirit   .   h - +5 leather armour of Bema Rojil {rC+ Str+2 Int-3 SInv}
rPois    .         Reflect  .   i - +0 helmet
rElec    .         Harm     .   (no cloak)
rCorr    .         Rampage  .   (no gloves)
Will     .....                  (no boots)
Stlth    ++........             (no amulet)
HPRegen  0.13/turn              (no ring)
MPRegen  0.07/turn              (no ring)

@: confused, lethally poisoned (-9 -> -19), ambrosia-drunk, lightly drained
A: fangs 1, strong nose, distributed training
a: no special abilities


You were on level 2 of the Dungeon.
You visited 1 branch of the dungeon, and saw 5 of its levels.

You collected 6 gold pieces.

Inventory:

Hand Weapons
 a - a +1 antimagic hand axe (weapon)
 o - a +0 war axe
Missiles
 f - 75 stones
 k - 18 poisoned darts (quivered)
Armour
 b - a +0 kite shield
 h - the +5 leather armour of Bema Rojil (worn) {rC+ Str+2 Int-3 SInv}
   (You found it on level 5 of the Dungeon)

   It affects your strength (+2).
   It affects your intelligence (-3).
   It protects you from cold.
   It lets you see invisible.
 i - a +0 helmet (worn)
 n - a +0 scale mail
 q - a +0 plate armour
Wands
 e - a wand of charming (9)
 g - a wand of digging (3)
Scrolls
 c - a scroll of fog
 d - a scroll of magic mapping
 j - a scroll of torment {unknown}
 m - a scroll of amnesia {unknown}
 p - a scroll of enchant weapon {unknown}
Potions
 l - a potion of curing {unknown}
 r - a potion of ambrosia
 s - 2 potions of attraction {unknown}


   Skills:
 + Level 6.6 Fighting
 + Level 1.2 Short Blades
 + Level 1.2 Long Blades
 + Level 4.7 Axes
 + Level 1.2 Maces & Flails
 + Level 1.2 Polearms
 + Level 1.2 Staves
 + Level 1.2 Slings
 + Level 1.2 Bows
 + Level 1.2 Crossbows
 + Level 1.2 Throwing
 + Level 1.2 Armour
 + Level 4.7 Dodging
 + Level 9.6 Stealth
 + Level 1.2 Shields
 + Level 1.2 Unarmed Combat
 + Level 1.2 Spellcasting
 + Level 1.0 Conjurations
 + Level 1.0 Hexes
 + Level 1.0 Summonings
 + Level 1.0 Necromancy
 + Level 1.0 Translocations
 + Level 1.0 Transmutations
 + Level 1.0 Fire Magic
 + Level 1.0 Ice Magic
 + Level 1.0 Air Magic
 + Level 1.0 Earth Magic
 + Level 1.0 Poison Magic
 + Level 1.4 Invocations
 + Level 1.2 Evocations


You had 5 spell levels left.
You didn't know any spells.
Your spell library was empty.

Dungeon Overview and Level Annotations

Branches:
Dungeon (5/15)
 Temple: D:4-7

Altars:

Shops:
D:1 !

Annotations:
D:2 1 runed translucent door, Crazy Yiuf


Innate Abilities, Weirdness & Mutations

You have very sharp teeth.
Your uncanny sense of smell can sniff out nearby items.
Your experience applies equally to all skills.


Message History

You barely miss Crazy Yiuf.
Crazy Yiuf is moderately wounded.
Crazy Yiuf flaps his cloak.
Crazy Yiuf completely misses you.
You hit Crazy Yiuf but do no damage. You bite Crazy Yiuf, but do no damage.
Crazy Yiuf is moderately wounded.
Crazy Yiuf screams, "Mountain!
Rifle ragdoll snail."
Crazy Yiuf hits you with a +4 quarterstaff of chaos!
You feel drained.
You hit Crazy Yiuf.
Crazy Yiuf is heavily wounded.
Crazy Yiuf hits you with a +4 quarterstaff of chaos!
Crazy Yiuf burns you.
You hit Crazy Yiuf.
Crazy Yiuf is severely wounded.
Crazy Yiuf hits you with a +4 quarterstaff of chaos!
* * * LOW HITPOINT WARNING * * *
Crazy Yiuf draws strength from your wounds!
You hit Crazy Yiuf but do no damage.
Crazy Yiuf is severely wounded.
Crazy Yiuf completely misses you.
You hit Crazy Yiuf.
Crazy Yiuf is severely wounded.
Crazy Yiuf says, "I'm not crazy!"
Crazy Yiuf hits you with a +4 quarterstaff of chaos.
* * * LOW HITPOINT WARNING * * *
You are lethally poisoned!
You barely miss Crazy Yiuf.
Crazy Yiuf is severely wounded.
* * * LOW HITPOINT WARNING * * *
You feel very sick. Crazy Yiuf barely misses you.
Unknown command.
It was a potion of ambrosia.
You are confused.
You feel invigorated.
* * * LOW HITPOINT WARNING * * *
You feel very sick.
Crazy Yiuf hits you with a +4 quarterstaff of chaos!
You die...

♣♣ .♣ ♣. .♣ ♣.
##+## #...# #..@#
#.g)# ##### ... # ∆
... .##
########.......
?.###...
.................
........
.....^...........
........
.#.............#
........
............#.#####


You could see Crazy Yiuf.

Vanquished Creatures
  A hound (D:3)
  An orc wizard (D:2)
  An adder (D:5)
  2 worms
  A dart slug (D:3)
  3 orcs
  2 bats
  2 giant cockroaches
  4 hobgoblins (D:1)
  2 jackals (D:1)
  4 ball pythons
  A frilled lizard (D:1)
  5 goblins
  A kobold (D:3)
  A rat (D:2)
31 creatures vanquished.

Notes
Turn   | Place    | Note
-------+----------+-------------------------------------------
     0 | D:5      | Reached skill level 9 in Stealth
     0 | D:5      | snetch the Gnoll Delver began the quest for the Orb.
     0 | D:5      | Reached XP level 1. HP: 23/23 MP: 1/1
     6 | D:5      | Identified the +5 leather armour of Bema Rojil {rC+ Str+2
                  | Int-3 SInv}
    56 | D:5      | Noticed an iguana
    70 | D:5      | Reached XP level 2. HP: 17/29 MP: 2/2
    75 | D:5      | Noticed an ogre
   106 | D:5      | Noticed a gnoll sergeant
   151 | D:3      | Reached skill level 1 in Invocations
   151 | D:3      | Reached XP level 3. HP: 2/35 MP: 2/4
  1273 | D:3      | Reached skill level 1 in Short Blades
  1273 | D:3      | Reached skill level 1 in Long Blades
  1273 | D:3      | Reached skill level 1 in Maces & Flails
  1273 | D:3      | Reached skill level 1 in Polearms
  1273 | D:3      | Reached skill level 1 in Staves
  1273 | D:3      | Reached skill level 1 in Slings
  1273 | D:3      | Reached skill level 1 in Bows
  1273 | D:3      | Reached skill level 1 in Crossbows
  1273 | D:3      | Reached skill level 1 in Throwing
  1273 | D:3      | Reached skill level 1 in Armour
  1273 | D:3      | Reached skill level 1 in Shields
  1273 | D:3      | Reached skill level 1 in Unarmed Combat
  1273 | D:3      | Reached skill level 1 in Spellcasting
  1273 | D:3      | Reached skill level 1 in Evocations
  1368 | D:2      | Reached XP level 4. HP: 41/41 MP: 1/5
  1386 | D:2      | Reached skill level 1 in Conjurations
  1386 | D:2      | Reached skill level 1 in Hexes
  1386 | D:2      | Reached skill level 1 in Summonings
  1386 | D:2      | Reached skill level 1 in Necromancy
  1386 | D:2      | Reached skill level 1 in Translocations
  1386 | D:2      | Reached skill level 1 in Transmutations
  1386 | D:2      | Reached skill level 1 in Fire Magic
  1386 | D:2      | Reached skill level 1 in Ice Magic
  1386 | D:2      | Reached skill level 1 in Air Magic
  1386 | D:2      | Reached skill level 1 in Earth Magic
  1386 | D:2      | Reached skill level 1 in Poison Magic
  1519 | D:2      | Found a faded altar of an unknown god.
  1636 | D:1      | Found Foycro Ovul's Distillery.
  1841 | D:2      | Found a runed translucent door.
  1841 | D:2      | Noticed Crazy Yiuf
  1850 | D:2      | Mangled by Crazy Yiuf

Illustrated notes

Levels and vault maps discovered:
D:1:      shiori_arrival_elements, layout_loops_ring, serial_shops, shop
D:2:      layout_rooms, chequers_ecumenical_altar_island,
          uniq_crazy_yiuf_cottage
D:3:      layout_basic
D:4:      layout_basic, moated_statue, grunt_ministairs_9, minmay_fountain_box,
          minmay_bent
D:5:      layout_cave_pools, serial_gnoll_camp, gnoll_camp_huts_moat,
          gnoll_camp_medium_01, gnoll_camp_mini_basic, grums_kennel,
          gnoll_camp_mini_loothouse

Skill      XL: |  1  2  3  4 |
---------------+-------------+-----
Stealth        | |  9.6
Invocations    | 1 |  1.4
Short Blades   | 1 |  1.2
Long Blades    | 1 |  1.2
Maces & Flails | 1 |  1.2
Polearms       | 1 |  1.2
Staves         | 1 |  1.2
Slings         | 1 |  1.2
Bows           | 1 |  1.2
Crossbows      | 1 |  1.2
Throwing       | 1 |  1.2
Armour         | 1 |  1.2
Shields        | 1 |  1.2
Unarmed Combat | 1 |  1.2
Spellcasting   | 1 |  1.2
Evocations     | 1 |  1.2
Conjurations   | 1 |  1.0
Hexes          | 1 |  1.0
Summonings     | 1 |  1.0
Necromancy     | 1 |  1.0
Translocations | 1 |  1.0
Transmutations | 1 |  1.0
Fire Magic     | 1 |  1.0
Ice Magic      | 1 |  1.0
Air Magic      | 1 |  1.0
Earth Magic    | 1 |  1.0
Poison Magic   | 1 |  1.0
Fighting       | |  6.6
Axes           | |  4.7
Dodging        | |  4.7

Action                   |  1- 3 |  4- 6 || total
-------------------------+-------+-------++-------
Melee: Hand axe          |    67 |    49 ||   116
       Bite              |    15 |     4 ||    19
  Use: Potion            |     1 |     1 ||     2
       Scroll            |     1 |       ||     1
 Stab: Sleeping          |     7 |     2 ||     9
Armor: Leather armour    |    17 |    22 ||    39
Dodge: Dodged            |    48 |    42 ||    90

Table legend: (Time is in decaauts)
 A = Elapsed time spent in this place.
 B = Non-inter-level travel time spent in this place.
 C = Inter-level travel time spent in this place.
 D = Time resting spent in this place.
 E = Time spent auto-exploring this place.
 F = Levels seen in this place.
 G = Mean time per level.
                   A        B        C        D        E       F      G
               +--------+--------+--------+--------+--------+-----+--------+
         Total |   1842 |   1842 |      0 |    284 |   1111 |   5 |  368.4 |
       Dungeon |   1842 |   1842 |      0 |    284 |   1111 |   5 |  368.4 |
               +--------+--------+--------+--------+--------+-----+--------+

Top non-repeatable levels by time:
     D:3: 897 daAuts
     D:1: 320 daAuts
     D:4: 303 daAuts
     D:2: 192 daAuts
     D:5: 129 daAuts
